 Dungeon Crawl Stone Soup version 0.22-a0-358-g7563fe7 (webtiles) character file.

42 Kikal the Vexing (level 3, 0/14 HPs)
             Began as a Felid Enchanter on Apr 18, 2018.
             Slain by an adder (2 damage)
             ... on level 2 of the Dungeon.
             The game lasted 00:09:46 (2808 turns).

Kikal the Vexing (Felid Enchanter)                  Turns: 2808, Time: 00:09:47

Health: 0/14       AC:  1    Str:  4    XL:     3   Next: 35%
Magic:  1/7        EV: 18    Int: 17    God:
Gold:   102        SH:  0    Dex: 16    Spells: 0/6 levels left
                                        Lives:  0   Deaths: 0

rFire    . . .     SeeInvis +     - Unarmed
rCold    . . .     Gourm    .   (shield unavailable)
rNeg     . . .     Faith    .   (armour unavailable)
rPois    .         Spirit   .   (helmet unavailable)
rElec    .         Reflect  .   (cloak unavailable)
rCorr    .         Harm     .   (gloves unavailable)
MR       .....                  (boots unavailable)
Stlth    +++.......             (no amulet)
HPRegen  0.04/turn              (no ring)
MPRegen  0.10/turn              (no ring)

@: lethally poisoned (0 -> -11), quick
A: very small, no armour, no weapons or thrown items, stealth, claws 1, fangs 3,
see invisible, carnivore, speed 1, shaggy fur 1, slow metabolism 1, sharp paws
a: no special abilities


You were on level 2 of the Dungeon.
You were completely stuffed.

You visited 1 branch of the dungeon, and saw 2 of its levels.

You collected 102 gold pieces.

Inventory:

Scrolls
 d - a scroll of random uselessness {unknown}
 e - a scroll of identify {unknown}
Potions
 a - a potion of degeneration {unknown}
 c - a potion of agility {unknown}
 f - a potion of lignification {unknown}
 h - a potion of brilliance {unknown}
 i - 2 potions of heal wounds {unknown}
Comestibles
 b - 2 rations


   Skills:
 - Level 2.6 Dodging
 + Level 4.1 Stealth
 * Level 2.3 Unarmed Combat
 - Level 2.1 Spellcasting
 - Level 5.0 Hexes
 * Level 1.0 Ice Magic


You couldn't memorise any spells.
You knew the following spells:

 Your Spells              Type           Power        Failure   Level  Hunger
a - Corona                Hex            ###....      2%          1    #......
b - Ensorcelled Hibernat  Hex/Ice        ##....       9%          2    ###....
c - Confuse               Hex            ###.....     8%          3    ###....


Dungeon Overview and Level Annotations

Branches:
Dungeon (2/15)

Altars:

Annotations:
D:2 exclusion: ice beast, Robin


Innate Abilities, Weirdness & Mutations

You cannot wear armour.
You are incapable of wielding weapons or throwing items.
Your paws allow you to move quietly. (Stealth)
You have sharp claws.
You have razor-sharp teeth.
You have supernaturally acute eyesight. (SInv)
You are carnivorous and can eat meat at any time.
You cover ground quickly.
You are covered in fur. (AC +1)
You have a slow metabolism.
Your sharp claws are effective at attacking unaware monsters.


Message History

Aim: an adder (chance to defeat MR: 65%)
The adder is outlined in light.
You feel sick. The adder misses you.
You take 1 damage, and have 6/14 hp.
You now have 0/7 mp.
You scratch the adder. The adder misses you. The adder barely misses you.
You scratch the adder but do no damage. The adder bites you.
You are lethally poisoned!
The adder poisons you!
You take 1 damage, and have 5/14 hp.
You claw the adder! Your bite misses the adder.
* * * LOW HITPOINT WARNING * * *
You feel sick. The adder bites you.
* * * LOW HITPOINT WARNING * * *
You take 2 damage, and have 3/14 hp.
You scratch the adder.
* * * LOW HITPOINT WARNING * * *
You feel sick. The adder misses you.
You take 1 damage, and have 2/14 hp.
You scratch the adder. You bite the adder. The adder completely misses you.
The adder bites you.
You die...

+.........### #............
###############............
#..........................
##.....#####..........#.#
#..$..# #....(((.....#
#.....# #.###r#####.....
##.....# #.# #S# .....
#....### #.# #@# ....
#....# #.# #.# ... #....#
#.# #.# ... #...?# #.# #.#
#....# #.# #.# #....# #..
..# #....# ### #.....
#....##


You could see an adder and a rat.

Vanquished Creatures
  A worm (D:1)
  A dart slug (D:2)
  A leopard gecko (D:2)
  9 goblins
  4 hobgoblins
  3 jackals (D:2)
  5 kobolds
  3 ball pythons (D:1)
  3 bats (D:1)
  A frilled lizard (D:2)
  3 rats
34 creatures vanquished.

Notes
Turn   | Place    | Note
-------+----------+-------------------------------------------
     0 | D:1      | Kikal the Felid Enchanter began the quest for the Orb.
     0 | D:1      | Reached XP level 1. HP: 7/7 MP: 4/4
   589 | D:1      | Reached XP level 2. HP: 11/11 MP: 6/6
   593 | D:1      | Learned a level 2 spell: Ensorcelled Hibernation
  1280 | D:2      | Upgraded the game from 0.22-a0-357-ga98e25f to 0.22-a0-358-g7563fe7
  1304 | D:2      | Reached skill level 5 in Hexes
  1386 | D:2      | Noticed Robin
  1682 | D:2      | Noticed an ice beast
  1861 | D:2      | Reached XP level 3. HP: 11/14 MP: 2/7
  2715 | D:1      | Learned a level 3 spell: Confuse
  2785 | D:2      | Reached skill level 1 in Ice Magic
  2808 | D:2      | Slain by an adder

Vault maps used:
D:1:      lemuel_arrival_muddy, minmay_shallow_snake_nest
D:2:      chequers_temple_overflow_statue_of_worship,
          chequers_ecumenical_altar_lobes, makhleb_altar_promises_db, uniq_robin

Skill      XL: |  1  2  3 |
---------------+----------+-----
Unarmed Combat | 2 |  2.3
Hexes          | 5 |  5.0
Ice Magic      | 1 |  1.0
Dodging        | |  2.6
Stealth        | |  4.1
Spellcasting   | |  2.1

Action                   || total
-------------------------++-------
Melee: Unarmed           ||    72
       Bite              ||     8
 Cast: Corona            ||     6
       Ensorcelled Hiber ||    33
       Confuse           ||     1
 Stab: Sleeping          ||    24
  Eat: Chunk             ||    13
Armor: Skin              ||     6
Dodge: Dodged            ||    78

Table legend:
 A = Spawn XP
 B = Non-spawn XP
 C = Spawn XP percentage of total XP
 D = Spawn monster count
 E = Non-spawn monster count
 F = Spawn count percentage of total count
 G = Total turns spent on level
                    A         B        C        D         E        F      G
               +---------+---------+-------+---------+---------+-------+---------
         Total |       0 |      61 |   0.0 |       0 |      34 |   0.0 |  2808
               +---------+---------+-------+---------+---------+-------+---------
           D:1 |       0 |      29 |   0.0 |       0 |      18 |   0.0 |  2201
           D:2 |       0 |      32 |   0.0 |       0 |      16 |   0.0 |   607
               +---------+---------+-------+---------+---------+-------+---------
